 Dungeon Crawl Stone Soup version 0.23-a0-448-g1c01f63 (webtiles) character file.

207 Dfrag the Firebug (level 5, 0/42 HPs)
             Began as a Naga Fire Elementalist on Nov 20, 2018.
             Was an Initiate of Vehumet.
             Slain by an orc
             ... wielding a +0 mace
              (8 damage)
             ... on level 3 of the Dungeon.
             The game lasted 00:03:52 (2286 turns).

Dfrag the Firebug (Naga Fire Elementalist)          Turns: 2286, Time: 00:03:52

Health: 0/42       AC:  2    Str: 11    XL:     5   Next: 85%
Magic:  5/10       EV: 10    Int: 16    God:    Vehumet [......]
Gold:   227        SH:  0    Dex: 11    Spells: 3/11 levels left

rFire    . . .     SeeInvis +   t - +3 flail
rCold    . . .     Gourm    .   (no shield)
rNeg     . . .     Faith    .   a - +0 robe
rPois    +         Spirit   .   (no helmet)
rElec    .         Reflect  .   (no cloak)
rCorr    .         Harm     .   (no gloves)
MR       +....                  (no barding)
Stlth    ++........             (no amulet)
HPRegen  0.14/turn              r - ring of protection from magic
MPRegen  0.12/turn              (no ring)

@: very slow
A: large, see invisible, deformed body, poison resistance, slowness 2, slow
metabolism 1, spit poison 1, AC +1
a: Spit Poison, Renounce Religion


You were on level 3 of the Dungeon.
You worshipped Vehumet.
Vehumet was noncommittal.
You were hungry.

You visited 1 branch of the dungeon, and saw 3 of its levels.

You collected 227 gold pieces.

Inventory:

Hand Weapons
 t - a +3 flail (weapon)
Armour
 a - a +0 robe (worn)
Jewellery
 r - a ring of protection from magic (left hand)
 s - an uncursed amulet of the gourmand {unknown}
Wands
 g - a wand of acid (10)
Scrolls
 b - 2 scrolls of teleportation {unknown}
 e - 2 scrolls of remove curse {unknown}
 f - a scroll of immolation {unknown}
 j - a scroll of fear {unknown}
 k - a scroll of magic mapping {unknown}
 m - 3 scrolls of identify {unknown}
 q - a scroll of enchant armour {unknown}
 u - a scroll of fog {unknown}
 v - a scroll of amnesia {unknown}
Potions
 d - a potion of haste {unknown}
 h - 3 potions of lignification
 i - a potion of heal wounds {unknown}
 l - a potion of curing {unknown}
 n - a potion of agility {unknown}
 o - a potion of flight {unknown}
 p - a potion of mutation {unknown}
Comestibles
 c - 6 rations


   Skills:
 - Level 1.5 Dodging
 - Level 3.0 Stealth
 + Level 3.5 Spellcasting
 + Level 3.1 Conjurations
 + Level 4.3 Fire Magic


You had 3 spell levels left.
You knew the following spells:

 Your Spells              Type           Power        Failure   Level  Hunger
a - Flame Tongue          Conj/Fire      ##...        3%          1    None
b - Conjure Flame         Conj/Fire      ##......     12%         3    ###....
c - Sticky Flame          Conj/Fire      ##......     36%         4    ####...

Your spell library contained the following spells:

 Spells                   Type           Power        Failure   Level  Hunger
 Throw Flame              Conj/Fire      ##....       6%          2    ##.....
 Inner Flame              Hex/Fire       #.......     22%         3    ###....
 Fireball                 Conj/Fire      ##........   71%         5    ######.


Dungeon Overview and Level Annotations

Branches:
Dungeon (3/15)

Altars:
Cheibriados
Elyvilon
Makhleb
Nemelex Xobeh
Ru
Vehumet
Zin
The Shining One


Innate Abilities, Weirdness & Mutations

You cannot wear boots.
Your serpentine skin is tough. (AC +1)
You have supernaturally acute eyesight. (SInv)
Armour fits poorly on your strangely shaped body.
Your system is resistant to poisons. (rPois)
You cover ground very slowly.
You have a slow metabolism.
You can spit poison.


Message History

Casting: Flame Tongue (safe; 3% risk of failure)
Confirm with . or Enter, or press ? or * to list all spells.
You can't see any susceptible monsters within range! (Use Z to cast anyway.) Unknown command.
Casting: Flame Tongue (safe; 3% risk of failure)
Confirm with . or Enter, or press ? or * to list all spells.
Aiming: Flame Tongue (safe; 3% risk of failure)
Press: ? - help, Shift-Dir - straight line, f/p - orc
Aim: an orc, wielding a +0 mace and wearing a +0 ring mail The flame tongue misses the orc.
Casting: Flame Tongue (safe; 3% risk of failure)
Confirm with . or Enter, or press ? or * to list all spells.
Aiming: Flame Tongue (safe; 3% risk of failure)
Press: ? - help, Shift-Dir - straight line, f/p - orc
Aim: an orc, wielding a +0 mace and wearing a +0 ring mail The flame tongue hits the orc.
The orc is moderately wounded.
You have got your breath back.
The orc hits you with a +0 mace!
You die...

....#
#.....#.#..#.#.#...###.....
....#
#.....#.#..#.#.#.###......#
....#
#.....#.#..#.#.#'#......###
....#
#.....#.#......#......###..
#####
#.....#.###.........###...#
#######....<[..#..###...#..
#####################
####....)........<..
#..@o####)#.######## #.##.#
#)#.........
##.#.#.#####.#<########
#............#.########
##.#.#.#.#####.........
...>....# #########.
#.#.#.#.# #. #........# #.
##.#.#.#.# #.


You could see an orc.

Vanquished Creatures
  An ogre (D:3)
  3 adders
  An ooze (D:3)
  A worm (D:2)
  4 dart slugs
  4 leopard geckos
  6 orcs (D:3)
  12 goblins
  9 hobgoblins
  A quokka (D:2)
  14 bats
  4 frilled lizards
  5 kobolds
  9 rats
74 creatures vanquished.

Vanquished Creatures (others)
  A kobold (D:3)
1 creature vanquished.

Grand Total: 75 creatures vanquished

Notes
Turn   | Place    | Note
-------+----------+-------------------------------------------
     0 | D:1      | Dfrag the Naga Fire Elementalist began the quest for the
                  | Orb.
     0 | D:1      | Reached XP level 1. HP: 15/15 MP: 3/3
   214 | D:1      | Reached XP level 2. HP: 22/22 MP: 5/5
   780 | D:2      | Found a snail-covered altar of Cheibriados.
   871 | D:2      | Found a white marble altar of Elyvilon.
   879 | D:2      | Reached XP level 3. HP: 28/28 MP: 4/6
  1445 | D:3      | Reached XP level 4. HP: 30/36 MP: 3/8
  1458 | D:3      | Learned a level 3 spell: Conjure Flame
  1463 | D:3      | Learned a level 4 spell: Sticky Flame
  1597 | D:3      | Found a white marble altar of Elyvilon.
  1754 | D:3      | Found a glowing silver altar of Zin.
  1779 | D:3      | Noticed an ogre
  1782 | D:3      | Found a sacrificial altar of Ru.
  1791 | D:3      | Killed an ogre
  1791 | D:3      | Reached skill level 4 in Fire Magic
  1791 | D:3      | Reached XP level 5. HP: 20/42 MP: 0/10
  1868 | D:3      | Found a radiant altar of Vehumet.
  1870 | D:3      | Found a glowing golden altar of the Shining One.
  1870 | D:3      | Found a burning altar of Makhleb.
  1870 | D:3      | Found a sparkling altar of Nemelex Xobeh.
  1919 | D:3      | Became a worshipper of Vehumet
  2243 | D:3      | HP: 1/42 [orc/+0 trident (8)]
  2286 | D:3      | Slain by an orc

Vault maps used:
D:1:      psy_arrival_spokes, minmay_domino_4
D:2:      minmay_alternating_diamond, lemuel_coloured_pillars_altar,
          lemuel_doored_altar
D:3:      minmay_razor_zed, grunt_temple_overflow_open, st_stairs_8,
          nrook_campfire, elyvilon_altar_4

Skill      XL: |  1  2  3  4 |
---------------+-------------+-----
Conjurations   | 2 3 |  3.1
Spellcasting   | 3 |  3.5
Fire Magic     | 4 |  4.3
Dodging        | |  1.5
Stealth        | |  3.0

Action                   |  1- 3 |  4- 6 || total
-------------------------+-------+-------++-------
Melee: Unarmed           |     4 |       ||     4
       Flail             |       |    12 ||    12
 Cast: Flame Tongue      |    36 |    51 ||    87
 Abil: Spit Poison       |    20 |     8 ||    28
  Use: Potion            |       |     1 ||     1
  Eat: Chunk             |     2 |     3 ||     5
Armor: Robe              |    15 |     6 ||    21
       Skin              |       |     2 ||     2
Dodge: Dodged            |    34 |    26 ||    60

Table legend:
 A = Non-vault XP
 B = Vault XP
 C = Vault XP percentage of total XP
 D = Non-vault monster count
 E = Vault monster count
 F = Vault count percentage of total count
                 A         B        C        D         E       F
            +---------+---------+-------+---------+---------+-------
      Total |     259 |      37 |  12.5 |      59 |      15 |  20.3
            +---------+---------+-------+---------+---------+-------
        D:1 |      20 |       5 |  20.0 |      11 |       2 |  15.4
        D:2 |      46 |       7 |  13.2 |      18 |       5 |  21.7
        D:3 |     193 |      25 |  11.5 |      30 |       8 |  21.1
            +---------+---------+-------+---------+---------+-------
